 Dungeon Crawl Stone Soup version 0.31.0-9-g3a7656b989 (webtiles) character file.

Game seed: 12286926817006193018

1511 Axelsxxd the Chiller (level 8, 0/60 HPs)
             Began as a Gnoll Ice Elementalist on Jan 25, 2024.
             Slain by a killer bee simulacrum (4 damage)
             ... on level 6 of the Dungeon.
             The game lasted 00:14:00 (6496 turns).

Axelsxxd the Chiller (Gnoll Ice Elementalist)       Turns: 6496, Time: 00:14:01

Health: 0/60       AC:  5    Str:  8    XL:     8   Next: 83%
Magic:  24/26      EV: 13    Int: 17    God:
Gold:   291        SH:  0    Dex: 12    Spells: 12/19 levels left

rFire   . . .        c - +0 dagger
rCold   . . .        (no shield)
rNeg    . . .        D - +0 leather armour "Luorphots" {rCorr}
rPois   .            (no helmet)
rElec   .            v - +0 cloak
rCorr   +            x - +0 pair of gloves
SInv    .            (no boots)
Will    .....        (no amulet)
Stlth   +++          f - ring of magical power
HPRegen 0.30/turn    p - ring of wizardry
MPRegen 0.20/turn

%: wizardry (x1)
@: no status effects
A: fangs 1, strong nose, distributed training
a: no special abilities


You were on level 6 of the Dungeon.
You visited 1 branch of the dungeon, and saw 6 of its levels.

You collected 291 gold pieces.

Inventory:

Hand Weapons
 c - a +0 dagger (weapon)
Missiles
 B - a throwing net
Armour
 a - a +0 robe
 v - a +0 cloak (worn)
 x - a +0 pair of gloves (worn)
 D - the +0 leather armour "Luorphots" (worn) {rCorr}
   (You found it on level 6 of the Dungeon)

   rCorr:     It protects you from acid and corrosion.
Magical Staves
 r - a staff of conjuration
Jewellery
 f - a ring of magical power (left hand)
 p - a ring of wizardry (right hand)
 A - a ring of ice
Wands
 y - a wand of polymorph (8)
Scrolls
 d - 3 scrolls of identify {unknown}
 e - a scroll of brand weapon {unknown}
 g - a scroll of blinking {unknown}
 k - a scroll of summoning
 l - 2 scrolls of revelation {unknown}
 m - 6 scrolls of teleportation
 n - a scroll of vulnerability
 o - a scroll of noise {unknown}
 t - a scroll of immolation {unknown}
 z - a scroll of poison {unknown}
 C - a scroll of enchant weapon {unknown}
Potions
 b - a potion of magic
 h - a potion of invisibility
 i - 2 potions of brilliance {unknown}
 j - a potion of haste {unknown}
 q - a potion of ambrosia {unknown}
 u - a potion of degeneration {unknown}
 w - 2 potions of heal wounds {unknown}


   Skills:
 + Level 3.7 Fighting
 + Level 3.7 Short Blades
 + Level 3.7 Long Blades
 + Level 3.7 Axes
 + Level 3.7 Maces & Flails
 + Level 3.7 Polearms
 + Level 3.7 Staves
 + Level 3.7 Ranged Weapons
 + Level 3.7 Throwing
 + Level 3.7 Armour
 + Level 6.0 Dodging
 + Level 5.7 Stealth
 + Level 3.7 Shields
 + Level 3.7 Unarmed Combat
 + Level 6.3 Spellcasting
 + Level 3.1 Conjurations
 + Level 3.1 Hexes
 + Level 3.1 Summonings
 + Level 3.1 Necromancy
 + Level 3.1 Translocations
 + Level 3.1 Fire Magic
 + Level 7.8 Ice Magic
 + Level 3.1 Air Magic
 + Level 3.1 Earth Magic
 + Level 3.1 Alchemy
 + Level 4.1 Invocations
 + Level 3.7 Evocations
 + Level 3.4 Shapeshifting


You had 12 spell levels left.
You knew the following spells:

 Your Spells              Type           Power      Damage    Failure   Level
a - Freeze                Ice            100%       1d10      1%          1
b - Frozen Ramparts       Ice            64%        1d10      1%          3
c - Summon Ice Beast      Ice/Summ       23%        N/A       2%          3

Your spell library contained the following spells:

 Spells                   Type           Power      Damage    Failure   Level
 Ozocubu's Armour         Ice            32%        N/A       1%          3
 Lesser Beckoning         Tloc           30%        N/A       3%          2
 Confusing Touch          Hex            15%        N/A       6%          3
 Gell's Gravitas          Tloc           15%        N/A       6%          3
 Teleport Other           Tloc           15%        N/A       6%          3
 Brom's Barrelling Bould  Conj/Erth      15%        2d4       19%         4
 Leda's Liquefaction      Alch/Erth      7%         N/A       19%         4
 Bombard                  Conj/Erth      7%         9d2       95%         6


Dungeon Overview and Level Annotations

Branches:
Dungeon (6/15)
 Temple: D:4-7

Altars:
Dithmenos
Okawaru
Vehumet
The Shining One


Innate Abilities, Weirdness & Mutations

You have very sharp teeth.
Your uncanny sense of smell can sniff out nearby items.
Your experience applies equally to all skills.


Message History

Orders for allies: a - Attack new target. r - Retreat! s - Stop attacking. g - Guard the area. f - Follow me.
Anything else - Cancel.
Gang up on whom?
Press: ? - help, Dir - move target, f - killer bee simulacrum
Aim: a killer bee simulacrum (ally target) Attack!
Your ice beast hits the killer bee simulacrum.
Your ice beast freezes the killer bee simulacrum.
The killer bee simulacrum completely resists.
You completely miss the killer bee simulacrum.
The killer bee simulacrum is moderately damaged.
The killer bee simulacrum hits you.
* * * LOW HITPOINT WARNING * * *
The killer bee simulacrum freezes you!
* * * LOW HITPOINT WARNING * * *
The killer bee simulacrum hits you but does no damage.
Unknown command.
Unknown command.
Unknown command.
You hit the killer bee simulacrum.
You bite the killer bee simulacrum, but do no damage.
The killer bee simulacrum is heavily damaged.
Your ice beast hits the killer bee simulacrum.
Your ice beast freezes the killer bee simulacrum.
The killer bee simulacrum completely resists.
The killer bee simulacrum hits you.
* * * LOW HITPOINT WARNING * * *
The killer bee simulacrum freezes you.
* * * LOW HITPOINT WARNING * * *
Unknown command.
Unknown command.
You feel better.
The killer bee simulacrum closely misses you.
Your ice beast closely misses the killer bee simulacrum.
The killer bee simulacrum hits you.
* * * LOW HITPOINT WARNING * * *
The killer bee simulacrum freezes you.
You die...

###### ## #..... ...
#..... .... #..... .....
#..... #...########
#.>... #...../....#
#..... ~......#.....#
#.....
~.P....#@Z...#######.....
~~.....#.Y...........####
~~.#####...........#.....
~~ ...............#.....
~ ....#####......#.....
..... #......#.##.. .....
##'#####.##.. ..... ....
...#.. ....... ...#..


You could see a killer bee simulacrum (ally target) and a friendly ice beast
(summoned).

Vanquished Creatures
  Sigmund (D:5)
  Duvessa (D:5)
  A phantom (D:6)
  A necrophage (D:6)
  A scorpion (D:4)
  Dowan (D:5)
  3 hounds
  3 bombardier beetles
  A jelly (D:4)
  An iguana (D:5)
  A sleepcap (D:6)
  12 gnolls
  5 adders
  A white imp (D:6)
  3 dart slugs
  A ribbon worm (D:2)
  8 orcs
  7 ball pythons
  12 endoplasms
  3 giant cockroaches
  9 goblins
  4 hobgoblins
  4 jackals (D:2)
  A quokka (D:2)
  5 bats
  4 frilled lizards
  7 kobolds
  3 rats
104 creatures vanquished.

Vanquished Creatures (collateral kills)
  Grinder (D:5)
  An ice beast (D:6)
  A phantom (D:5)
  A bullfrog zombie (D:6)
  Crazy Yiuf (D:3)
  A centaur simulacrum (D:6)
  An adder (D:5)
  2 gnolls (D:5)
9 creatures vanquished.

Grand Total: 113 creatures vanquished

Notes
Turn   | Place    | Note
-------+----------+-------------------------------------------
     0 | D:1      | Axelsxxd the Gnoll Ice Elementalist began the quest for the
                  | Orb.
     0 | D:1      | Reached XP level 1. HP: 13/13 MP: 6/6
   109 | D:1      | Reached XP level 2. HP: 18/19 MP: 3/7
   340 | D:1      | Found a faded altar of an unknown god.
   860 | D:1      | Reached skill level 5 in Spellcasting
   860 | D:1      | Reached XP level 3. HP: 21/25 MP: 9/9
   864 | D:1      | Learned a level 3 spell: Frozen Ramparts
  1207 | D:2      | Reached skill level 1 in Invocations
  1332 | D:2      | Reached skill level 1 in Fighting
  1332 | D:2      | Reached skill level 1 in Short Blades
  1332 | D:2      | Reached skill level 1 in Long Blades
  1332 | D:2      | Reached skill level 1 in Axes
  1332 | D:2      | Reached skill level 1 in Maces & Flails
  1332 | D:2      | Reached skill level 1 in Polearms
  1332 | D:2      | Reached skill level 1 in Staves
  1332 | D:2      | Reached skill level 1 in Ranged Weapons
  1332 | D:2      | Reached skill level 1 in Throwing
  1332 | D:2      | Reached skill level 1 in Armour
  1332 | D:2      | Reached skill level 1 in Shields
  1332 | D:2      | Reached skill level 1 in Unarmed Combat
  1332 | D:2      | Reached skill level 1 in Evocations
  1524 | D:2      | Got Soyny's Information on Hapless Quicksand
  1667 | D:2      | Reached skill level 1 in Shapeshifting
  1667 | D:2      | Reached XP level 4. HP: 28/32 MP: 11/11
  2219 | D:3      | Reached skill level 1 in Conjurations
  2219 | D:3      | Reached skill level 1 in Hexes
  2219 | D:3      | Reached skill level 1 in Summonings
  2219 | D:3      | Reached skill level 1 in Necromancy
  2219 | D:3      | Reached skill level 1 in Translocations
  2219 | D:3      | Reached skill level 1 in Fire Magic
  2219 | D:3      | Reached skill level 1 in Air Magic
  2219 | D:3      | Reached skill level 1 in Earth Magic
  2219 | D:3      | Reached skill level 1 in Alchemy
  2313 | D:3      | Found a radiant altar of Vehumet.
  2331 | D:3      | Learned a level 3 spell: Summon Ice Beast
  2565 | D:3      | Reached XP level 5. HP: 37/37 MP: 12/12
  2729 | D:3      | Found a runed translucent door.
  2730 | D:3      | Noticed Crazy Yiuf
  2783 | D:3      | Killed Crazy Yiuf
  3073 | D:4      | Reached XP level 6. HP: 44/44 MP: 14/14
  3076 | D:4      | Reached skill level 5 in Dodging
  3578 | D:4      | Found an iron altar of Okawaru.
  3734 | D:4      | Found a glowing golden altar of the Shining One.
  3736 | D:4      | Found a shadowy altar of Dithmenos.
  4516 | D:5      | Entered Level 5 of the Dungeon
  4592 | D:5      | Reached XP level 7. HP: 50/50 MP: 15/15
  4744 | D:5      | Noticed Sigmund
  4753 | D:5      | Killed Sigmund
  4754 | D:5      | Reached skill level 5 in Stealth
  4889 | D:5      | Noticed Duvessa
  4891 | D:5      | Noticed Dowan
  4897 | D:5      | Noticed Grinder
  4909 | D:5      | Killed Duvessa
  4910 | D:5      | Killed Dowan
  4911 | D:5      | Reached XP level 8. HP: 22/58 MP: 15/16
  5044 | D:5      | Paralysed by Grinder for 5 turns
  5056 | D:5      | Paralysed by Grinder for 2 turns
  5084 | D:5      | Killed Grinder
  6281 | D:6      | Identified the +0 leather armour "Luorphots" {rCorr}
  6495 | D:6      | HP: 1/60 [killer bee simulacrum (5)]
  6496 | D:6      | Slain by a killer bee simulacrum

Illustrated notes

Levels and vault maps discovered:
D:1:      erik_arrival_cave_to_civilisation [erik_arrival_cave_to_hall],
          layout_basic, ebering_ecumenical_altar_hall, interstate_on_off,
          palyth_stone_intersect
D:2:      layout_rooms
D:3:      layout_loops_corners, nicolae_vehumet_altar_sigil,
          uniq_crazy_yiuf_cottage
D:4:      layout_basic, okawaru_altar_gauntlet_db,
          mainiacjoe_overflow_catwalk_spiral, nicolae_underground_beach
D:5:      layout_basic, uniq_grinder, uniq_duvessa, uniq_sigmund
D:6:      layout_gridville, serial_bayou_pond_c, dilly_guarded_unrand_morg

Skill      XL: |  1  2  3  4  5  6  7  8 |
---------------+-------------------------+-----
Spellcasting   | 5 6 |  6.3
Invocations    | 1 2 3 4 |  4.1
Fighting       | 1 2 3 |  3.7
Short Blades   | 1 2 3 |  3.7
Long Blades    | 1 2 3 |  3.7
Axes           | 1 2 3 |  3.7
Maces & Flails | 1 2 3 |  3.7
Polearms       | 1 2 3 |  3.7
Staves         | 1 2 3 |  3.7
Ranged Weapons | 1 2 3 |  3.7
Throwing       | 1 2 3 |  3.7
Armour         | 1 2 3 |  3.7
Shields        | 1 2 3 |  3.7
Unarmed Combat | 1 2 3 |  3.7
Evocations     | 1 2 3 |  3.7
Shapeshifting  | 1 2 3 |  3.4
Conjurations   | 1 2 3 |  3.1
Hexes          | 1 2 3 |  3.1
Summonings     | 1 2 3 |  3.1
Necromancy     | 1 2 3 |  3.1
Translocations | 1 2 3 |  3.1
Fire Magic     | 1 2 3 |  3.1
Air Magic      | 1 2 3 |  3.1
Earth Magic    | 1 2 3 |  3.1
Alchemy        | 1 2 3 |  3.1
Dodging        | 5 6 |  6.0
Stealth        | 5 |  5.7
Ice Magic      | |  7.8

Action                     |  1- 3 |  4- 6 |  7- 9 || total
---------------------------+-------+-------+-------++-------
  Melee: Dagger            |    23 |    32 |   100 ||   155
         Bite              |     3 |     1 |    14 ||    18
         Punch             |       |       |     2 ||     2
   Cast: Freeze            |    33 |    36 |    26 ||    95
         Frozen Ramparts   |     7 |    13 |     7 ||    27
         Summon Ice Beast  |       |     3 |    11 ||    14
    Use: Scroll            |       |     3 |       ||     3
         Potion            |       |       |     3 ||     3
   Stab: Sleeping          |     6 |     9 |       ||    15
         Distracted        |       |       |     4 ||     4
         Invisible         |       |       |     1 ||     1
 Armour: Robe              |    27 |    26 |    50 ||   103
         Leather armour    |       |       |    22 ||    22
  Dodge: Dodged            |    27 |    30 |    68 ||   125
